 Dungeon Crawl Stone Soup version 0.28-a0-1616-g050a50673c (webtiles) character file.

Game seed: 4978875029929343882

1337 Shayle the Insei (level 8, -2/54 HPs)
             Began as a Djinni Warper on Jan 22, 2022.
             Slain by a killer bee (6 damage)
             ... on level 5 of the Dungeon.
             The game lasted 00:18:31 (6899 turns).

Shayle the Insei (Djinni Warper)                    Turns: 6899, Time: 00:18:32

Health: -2/54      AC:  9    Str:  8 (10) XL:     8   Next: 92%
Gold:   322        EV: 11    Int: 16 (18) God:
                   SH:  0    Dex: 10 (12)

rFire   + + +      SeeInvis .   k - +2 whip (elec)
rCold   . . .      Faith    .   (no shield)
rNeg    . . .      Spirit   .   a - +0 leather armour
rPois   ∞          Reflect  .   m - +2 helmet
rElec   +          Harm     .   (no cloak)
rCorr   +          Rampage  .   n - +2 pair of gloves
Will    .....                   (boots unavailable)
Stlth   ++........              (no amulet)
HPRegen 0.18/turn               (no ring)
MPRegen 0.00/turn               (no ring)

@: mighty, silenced, resistant, weak-willed, flying
A: sickness immunity, fire resistance 2, cold vulnerability 1, float, innate
caster, hp casting, extra vitality 1
a: no special abilities


You were on level 5 of the Dungeon.
You visited 2 branches of the dungeon, and saw 7 of its levels.

You collected 322 gold pieces.

Inventory:

Hand Weapons
 f - a +2 dagger of pain
 h - a +0 vampiric hand axe
 k - a +2 whip of electrocution (weapon)
Missiles
 c - 2 boomerangs of dispersal (quivered)
Armour
 a - a +0 leather armour (worn)
 m - a +2 helmet (worn)
 n - a +2 pair of gloves (worn)
Jewellery
 l - the ring of Finality {Fly rPois Str+2 Dex-5 Stlth+}
   (You found it on level 3 of the Dungeon)

   [ring of flight]

   Str:       It affects your strength (+2).
   Dex:       It affects your dexterity (-5).
   rPois:     It protects you from poison.
   Fly:       It grants you flight.
   Stlth:     It makes you more stealthy.
Wands
 j - a wand of acid (4)
Scrolls
 i - a scroll of identify
Potions
 d - 2 potions of haste


   Skills:
 - Level 2.0 Fighting
 - Level 0.7 Throwing
 - Level 1.0 Armour
 - Level 2.1 Dodging
 + Level 6.4 Stealth
 + Level 7.5 Unarmed Combat
 - Level 2.4 Spellcasting


You couldn't memorise any spells.
You knew the following spells:

 Your Spells              Type           Power      Damage    Failure   Level
a - Blink                 Tloc           18%        N/A       16%         2
b - Lesser Beckoning      Tloc           9%         N/A       30%         3
c - Gell's Gravitas       Tloc           9%         N/A       30%         3
d - Teleport Other        Tloc           9%         N/A       30%         3
e - Manifold Assault      Tloc           9%         N/A       96%         5
f - Animate Skeleton      Necr           18%        N/A       11%         1
g - Scorch                Fire           18%        2d5       16%         2
h - Wereblood             Tmut           9%         N/A       16%         2
Your spell library was empty.

Dungeon Overview and Level Annotations

Branches:
Dungeon (6/15)             Temple (1/1) D:4

Altars:
Cheibriados
Dithmenos
Fedhas
Gozag
Hepliaklqana
Kikubaaqudgha
Nemelex Xobeh
Okawaru
Qazlal
Sif Muna
Uskayaw
Vehumet
Wu Jian
Xom
Yredelemnul
Zin
The Shining One

Shops:
D:1 *

Annotations:
D:2 1 runed translucent door, Crazy Yiuf
D:6 Maggie


Innate Abilities, Weirdness & Mutations

You are immune to sickness and miasma.
You are immune to poison.
Your flesh is very heat resistant. (rF++)
You are vulnerable to cold. (rC-)
You float through the air rather than walking.
You learn spells naturally, not from books.
Your magical power is your life essence.
You have superior vitality. (+4 MHP)


Message History

The killer bee stings you but does no damage.
You whack the killer bee!
The killer bee is heavily wounded.
The killer bee closely misses you. The killer bee misses you.
The killer bee stings you.
The killer bee stings you but does no damage. x2
You miss the killer bee.
The killer bee is heavily wounded.
The killer bee stings you but does no damage.
The killer bee closely misses you. The killer bee barely misses you. x2
You closely miss the killer bee.
The killer bee is heavily wounded.
The killer bee stings you but does no damage.
The killer bee stings you.
The killer bee stings you but does no damage.
The killer bee stings you.
The killer bee stings you but does no damage.
You miss the killer bee.
The killer bee is heavily wounded.
The killer bee barely misses you.
The killer bee stings you but does no damage.
The killer bee barely misses you. The killer bee closely misses you.
Unknown command.
You closely miss the killer bee.
The killer bee is heavily wounded.
The killer bee closely misses you. x2
The killer bee stings you but does no damage.
The killer bee stings you.
Unknown command.
You barely miss the killer bee.
The killer bee is heavily wounded.
The killer bee stings you.
* * * LOW HITPOINT WARNING * * *
The killer bee stings you!
* * * LOW HITPOINT WARNING * * *
The killer bee stings you but does no damage.
The killer bee stings you.
* * * LOW HITPOINT WARNING * * *
The killer bee stings you.
You die...

..............
#...............)....
#......# #####<......
#......# #.......
+......# #.......
####......## #.......
...........# ####....
...........+ +....
.......@y..# #....
........y..# ####....
........#†#######....###
........+.......#....+..
........#.......#....#..
####....#+####..#.<..#'#
#.......###..#.).....
#.......#....#.).....
.....+....'.......


You could see 2 killer bees.

Vanquished Creatures
  Sigmund (D:2)
  2 black bears (D:4)
  An ogre (D:4)
  A necrophage (D:5)
  A phantom (D:5)
  A wyvern zombie (D:5)
  A scorpion (D:5)
  A killer bee (D:5)
  2 hounds (D:4)
  A jelly (D:4)
  An orc priest (D:4)
  A gnoll shaman (D:5)
  A scorpion zombie (D:5)
  Natasha (thrice) (D:2)
  3 iguanas
  3 orc wizards (D:4)
  A hound zombie (D:5)
  4 gnolls
  5 adders
  2 shadow imps (D:5)
  A worm (D:4)
  3 dart slugs
  9 orcs
  6 ball pythons
  7 endoplasms
  A giant cockroach (D:2)
  6 goblins
  8 hobgoblins
  5 kobolds
  2 quokkas
  3 bats
  6 frilled lizards
  4 rats
97 creatures vanquished.

Vanquished Creatures (others)
  10 fungi (D:1)
  A plant (D:1)
11 creatures vanquished.

Grand Total: 108 creatures vanquished

Notes
Turn   | Place    | Note
-------+----------+-------------------------------------------
     0 | D:1      | Shayle the Djinni Warper began the quest for the Orb.
     0 | D:1      | Reached XP level 1. HP: 18/18 MP: 0/0
   110 | D:1      | Found Qiugocs's General Store.
   173 | D:1      | Reached XP level 2. HP: 15/23 MP: 0/0
   372 | D:1      | Reached skill level 1 in Stealth
   709 | D:1      | HP: 1/23 [bat (1)]
  1262 | D:1      | Reached XP level 3. HP: 28/28 MP: 0/0
  1262 | D:1      | Learned a level 1 spell: Animate Skeleton
  1497 | D:2      | Found a faded altar of an unknown god.
  1993 | D:3      | Reached skill level 3 in Unarmed Combat
  2133 | D:3      | Reached XP level 4. HP: 33/33 MP: 0/0
  2139 | D:3      | Found an iron altar of Okawaru.
  2321 | D:3      | Identified the ring of Finality {Fly rPois Str+2 Dex-5
                  | Stlth+}
  2436 | D:2      | Noticed Sigmund
  2583 | D:2      | Noticed Natasha
  2592 | D:2      | Killed Natasha
  3014 | D:2      | Reached XP level 5. HP: 37/38 MP: 0/0
  3014 | D:2      | Learned a level 2 spell: Scorch
  3075 | D:2      | Found a runed translucent door.
  3076 | D:2      | Noticed Crazy Yiuf
  3163 | D:2      | Noticed Natasha
  3170 | D:2      | Killed Natasha
  3299 | D:2      | Killed Sigmund
  3300 | D:2      | Reached skill level 4 in Unarmed Combat
  3300 | D:2      | Reached XP level 6. HP: 35/43 MP: 0/0
  3433 | D:2      | Noticed Natasha
  3439 | D:2      | Killed Natasha
  3670 | D:4      | Found a sparkling altar of Nemelex Xobeh.
  3945 | D:4      | Reached skill level 5 in Unarmed Combat
  3945 | D:4      | Reached XP level 7. HP: 47/49 MP: 0/0
  3945 | D:4      | Learned a level 2 spell: Wereblood
  4106 | D:4      | Found a staircase to the Ecumenical Temple.
  4122 | D:5      | Entered Level 5 of the Dungeon
  4273 | D:5      | Found a basalt altar of Yredelemnul.
  4304 | D:5      | Found a hide-covered altar of Uskayaw.
  4337 | D:5      | Found a glowing silver altar of Zin.
  4442 | D:5      | Reached skill level 5 in Stealth
  4442 | D:5      | Reached skill level 6 in Unarmed Combat
  4703 | D:5      | Reached XP level 8. HP: 42/54 MP: 0/0
  5224 | Temple   | Entered the Ecumenical Temple
  5987 | D:5      | Reached skill level 7 in Unarmed Combat
  6340 | D:6      | Noticed Maggie
  6428 | D:4      | HP: 1/54 [orc priest (5)]
  6899 | D:5      | Slain by a killer bee

Illustrated notes

Levels and vault maps discovered:
D:1:      dpeg_arrival_water_fire, layout_basic, serial_shops,
          nicolae_shop_waterfront, minmay_three_crescents
D:2:      layout_basic, ebering_ecumenical_altar_abandoned, uniq_natasha,
          uniq_sigmund, uniq_crazy_yiuf_cottage
D:3:      layout_basic, okawaru_trees_2, amethyst_overflow_temple_binary
D:4:      layout_basic, nemelex_dance_club_becter,
          minmay_temple_entry_mini_moons
D:5:      layout_gridville, mainiacjoe_overflow_alcove_2,
          mainiacjoe_overflow_six_doors_small, lemuel_crystal_altar,
          mainiacjoe_overflow_brackets
D:6:      layout_basic, general_overflow_altar, uniq_maggie
Temple:   zaba_magenta_temple

Skill      XL: |  1  2  3  4  5  6  7  8 |
---------------+-------------------------+-----
Stealth        | 1 2 3 4 5 6 |  6.4
Unarmed Combat | 3 4 5 6 7 |  7.5
Fighting       | |  2.0
Throwing       | |  0.7
Armour         | |  1.0
Dodging        | |  2.1
Spellcasting   | |  2.4

Action                   |  1- 3 |  4- 6 |  7- 9 || total
-------------------------+-------+-------+-------++-------
Melee: Unarmed           |   135 |       |       ||   135
       Punch             |     2 |     3 |     8 ||    13
       Whip              |     4 |    71 |   230 ||   305
Throw: Boomerang         |       |       |     3 ||     3
 Cast: Blink             |     1 |       |     1 ||     2
       Wereblood         |       |       |     3 ||     3
Evoke: Wand              |     1 |       |       ||     1
  Use: Scroll            |     1 |     8 |     2 ||    11
       Potion            |       |       |     7 ||     7
 Stab: Sleeping          |     4 |     3 |     6 ||    13
Armor: Leather armour    |    63 |    20 |   135 ||   218
Dodge: Dodged            |    85 |    45 |   145 ||   275

Table legend: (Time is in decaauts)
 A = Elapsed time spent in this place.
 B = Non-inter-level travel time spent in this place.
 C = Inter-level travel time spent in this place.
 D = Time resting spent in this place.
 E = Time spent auto-exploring this place.
 F = Levels seen in this place.
 G = Mean time per level.
                   A        B        C        D        E       F      G
               +--------+--------+--------+--------+--------+-----+--------+
         Total |   6933 |   6720 |    213 |   1610 |   3334 |   7 |  990.4 |
       Dungeon |   6859 |   6665 |    194 |   1610 |   3284 |   6 | 1143.2 |
        Temple |     73 |     54 |     19 |      0 |     50 |   1 |   73.0 |
               +--------+--------+--------+--------+--------+-----+--------+

Top non-repeatable levels by time:
     D:4: 1743 daAuts
     D:1: 1610 daAuts
     D:5: 1473 daAuts
     D:3: 1084 daAuts
     D:2: 930 daAuts
  Temple: 73 daAuts
     D:6: 18 daAuts
